 Dungeon Crawl Stone Soup version 0.27.1-33-g824d729ab1 (webtiles) character file.

Game seed: 4829893961974783219

9259 Skeith09 the Thaumaturge (level 11, -6/72 HPs)
             Began as a Demonspawn Fire Elementalist on Dec 11, 2021.
             Was a Follower of Dithmenos.
             Mangled by a boulder beetle (21 damage)
             ... on level 2 of the Lair of Beasts.
             The game lasted 00:38:04 (12581 turns).

Skeith09 the Thaumaturge (DsFE)                    Turns: 12581, Time: 00:38:05

Health: -6/72      AC:  6    Str: 14    XL:     11   Next: 20%
Magic:  21/26      EV: 13    Int: 26    God:    Dithmenos [*.....]
Gold:   545        SH:  0    Dex: 14    Spells: 3/32 levels left

rFire    . . .     SeeInvis .   b - +4 spear
rCold    . . .     Faith    .   (no shield)
rNeg     . . .     Spirit   .   f - +1 robe of the Wicked Sunfish {Harm *Corrode Int+6 Archmagi}
rPois    .         Reflect  .   (helmet restricted)
rElec    .         Harm     +   a - scarf {shadows}
rCorr    .         Rampage  .   (no gloves)
Will     .....     Archmagi +   (no boots)
Stlth    +++.......             n - amulet of the acrobat
HPRegen  0.22/turn              i - +6 ring of strength
MPRegen  0.40/turn              (no ring)

@: wreathed by umbra
A: antennae 2, thin metallic scales 2, foul stench 1, magic regeneration
a: Renounce Religion


You were on level 2 of the Lair of Beasts.
You worshipped Dithmenos.
Dithmenos was aware of your devotion.
You visited 3 branches of the dungeon, and saw 11 of its levels.

You collected 545 gold pieces.

Inventory:

Hand Weapons
 b - a +4 spear (weapon)
 c - a +1 whip of venom
 w - a +2 trident of venom
 A - the +1 dagger "Syfon" {venom, Dex+4}
   (You found it on level 1 of the Lair of Beasts)

   It poisons the flesh of those it strikes.
   Dex:       It affects your dexterity (+4).
Missiles
 o - a throwing net
Armour
 a - a scarf of shadows (worn)
 f - the +1 robe of the Wicked Sunfish (worn) {Harm *Corrode Int+6 Archmagi}
   (You found it on level 6 of the Dungeon)

   Int:       It affects your intelligence (+6).
   *Corrode:  It may corrode you when you take damage.
   Harm:      It increases damage dealt and taken.
   Archmagi:  It increases the power of your magical spells.
 j - a +2 robe of willpower
Magical Staves
 g - a staff of poison
Jewellery
 i - a +6 ring of strength (left hand)
 n - an amulet of the acrobat (around neck)
 E - a +6 ring of intelligence
Wands
 l - a wand of acid (5)
 x - a wand of polymorph (7)
 y - a wand of paralysis (6)
 G - a wand of mindburst (12)
Scrolls
 e - a scroll of teleportation
 h - 2 scrolls of amnesia
 s - 3 scrolls of identify
 B - a scroll of enchant armour
 C - a scroll of fear {unknown}
Potions
 d - a potion of lignification
 k - a potion of attraction
 m - a potion of haste
 p - a potion of might {unknown}
 q - a potion of brilliance
 t - a potion of flight {unknown}
 u - 2 potions of cancellation
 v - a potion of magic {unknown}
 z - a potion of berserk rage {unknown}
 D - a potion of mutation {unknown}
 F - a potion of degeneration {unknown}


   Skills:
 + Level 1.9 Fighting
 + Level 2.4 Polearms
 + Level 4.3 Dodging
 + Level 3.3 Stealth
 * Level 11.1 Spellcasting
 + Level 7.7 Conjurations
 + Level 2.1 Necromancy
 + Level 7.5 Fire Magic
 + Level 0.7 Evocations


You had 3 spell levels left.
You knew the following spells:

 Your Spells              Type           Power      Damage    Failure   Level
a - Foxfire               Conj/Fire      100%       2x1d9     1%          1
b - Sticky Flame          Conj/Fire      69%        2d8       1%          4
c - Vampiric Draining     Necr           19%        2d8       5%          3
d - Confusing Touch       Hex            21%        N/A       12%         3
e - Static Discharge      Conj/Air       51%        N/A       1%          2
f - Spider Form           Tmut/Pois      10%        N/A       12%         3
g - Slow                  Hex            21%        N/A       6%          2
h - Shadow Creatures      Summ           N/A        N/A       99%         6
i - Lee's Rapid Deconstr  Erth           10%        3d9*      75%         5

Your spell library contained the following spells:

 Spells                   Type           Power      Damage    Failure   Level
 Animate Skeleton         Necr           76%        N/A       1%          1
 Pain                     Necr           100%       1d9       1%          1
 Shock                    Conj/Air       100%       1d9       1%          1
 Conjure Flame            Conj/Fire      69%        6-21      1%          3
 Inner Flame              Hex/Fire       50%        N/A       2%          3
 Sandblast                Erth           42%        2d11      4%          1
 Ensorcelled Hibernation  Hex/Ice        42%        N/A       6%          2
 Passwall                 Tmut/Erth      17%        N/A       6%          2
 Swiftness                Air            21%        N/A       12%         3
 Fireball                 Conj/Fire      34%        3d14      4%          5
 Dispel Undead            Necr           38%        3d16      17%         4
 Airstrike                Air            10%        N/A       38%         4


Dungeon Overview and Level Annotations

Branches:
Dungeon (8/15)             Temple (1/1) D:5            Lair (2/6) D:8
  Swamp (0/4) Lair:2
  Snake: Lair:2-4    Spider: Lair:2-4

Altars:
Dithmenos
Elyvilon
Fedhas
Gozag
Makhleb
Nemelex Xobeh
Okawaru
Ru
Sif Muna
Trog
Uskayaw
Wu Jian
Xom
Zin
Beogh


Innate Abilities, Weirdness & Mutations

You have a pair of antennae on your head.
You are mostly covered in thin metallic scales. (AC +3)
You may rarely emit foul miasma when damaged in melee.
You regenerate magic rapidly.


Message History

The boulder beetle burns!
Aiming: Mindburst
Press: ? - help, Shift-Dir - straight line, f/p - boulder beetle
Aim: a boulder beetle (lightly wounded, covered in liquid flames, chance to affect: 50%)
The boulder beetle resists with significant effort.
The boulder beetle burns!
Aiming: Corrosive Bolt
Press: ? - help, Shift-Dir - straight line, f/p - boulder beetle
Aim: a boulder beetle (moderately wounded, covered in liquid flames, 100% to hit)
The bolt of acid hits the boulder beetle but does no damage.
The boulder beetle is moderately wounded.
The boulder beetle burns!
Aiming: Paralyse
Press: ? - help, Shift-Dir - straight line, f/p - boulder beetle
Aim: a boulder beetle (moderately wounded, covered in liquid flames, chance to affect: 30%)
The boulder beetle easily resists.
The boulder beetle burns!
The boulder beetle leaps!
Aiming: Paralyse
Press: ? - help, Shift-Dir - straight line, f/p - boulder beetle
Aim: a boulder beetle (moderately wounded, covered in liquid flames, umbra, chance to affect: 30%)
The boulder beetle easily resists.
The boulder beetle burns!
The boulder beetle misses you.
Aiming: Corrosive Bolt
Press: ? - help, Shift-Dir - straight line, f/p - boulder beetle
Aim: a boulder beetle (heavily wounded, covered in liquid flames, umbra, 100% to hit)
The bolt of acid hits the boulder beetle but does no damage.
The boulder beetle is heavily wounded.
The boulder beetle burns!
The boulder beetle stops burning.
The boulder beetle barely misses you.
Casting: Sticky Flame (dangerous; 1% risk of failure)
Confirm with . or Enter, or press ? or * to list all spells.
Aiming: Sticky Flame (dangerous; 1% risk of failure)
Press: ? - help, Shift-Dir - straight line, f/p - boulder beetle
Aim: a boulder beetle (heavily wounded, umbra, 100% to hit)
You feel a surge of power!
The sticky flame hits the boulder beetle but does no damage.
The boulder beetle is heavily wounded.
The boulder beetle is covered in liquid flames!
The boulder beetle burns!
The boulder beetle bites you!!
You die... ≈ ≈P ### PP≈

#######.## ....
#.##.P##.###########.....
...........>...B...!.....
....†...........@........
..#...#....#'#....#..##..
......###.#..#.....#.P..
.#....##.....#....##....
.#....##..........# .....
.##....#?....#P...P# ....
.##...#...........##
+##...#......##...#
..#...............#


You could see a boulder beetle (burning).

Vanquished Creatures
  A black mamba (Lair:1)
  4 cane toads
  2 komodo dragons (Lair:2)
  A polar bear (Lair:2)
  5 blink frogs (Lair:1)
  Sigmund (D:4)
  Eustachio (D:6)
  A basilisk (Lair:2)
  16 yaks
  A wyvern (D:8)
  2 swamp worms (Lair:2)
  An acid dragon (D:8)
  7 water moccasins
  2 orc warriors
  2 ice beasts (D:6)
  2 black bears (D:6)
  A hornet zombie (D:6)
  A necrophage (D:5)
  A centaur (D:8)
  An ogre (D:5)
  A phantom (D:5)
  4 bullfrogs
  A gnoll sergeant (D:7)
  A wyvern zombie (D:8)
  2 hounds
  A jelly (D:6)
  A bullfrog skeleton (D:4)
  4 orc priests
  2 gnoll shamans
  2 iguanas
  Ijyb (D:4)
  6 orc wizards
  Terence (D:3)
  A howler monkey zombie (D:7)
  20 gnolls
  4 adders
  3 white imps
  An adder skeleton (D:4)
  A worm (D:2)
  29 orcs
  5 endoplasms
  4 giant cockroaches
  10 goblins
  9 hobgoblins
  4 jackals (D:1)
  A quokka (D:2)
  2 ball pythons
  4 bats
  3 frilled lizards
  6 kobolds
  6 rats
193 creatures vanquished.

Vanquished Creatures (collateral kills)
  An iguana (D:6)
  7 foxfires
8 creatures vanquished.

Vanquished Creatures (others)
  891 foxfires
  9 fungi
  32 plants
932 creatures vanquished.

Grand Total: 1133 creatures vanquished

Notes
Turn   | Place    | Note
-------+----------+-------------------------------------------
     0 | D:1      | Skeith09 the Demonspawn Fire Elementalist began the quest
                  | for the Orb.
     0 | D:1      | Reached XP level 1. HP: 13/13 MP: 3/3
    90 | D:1      | Gained mutation: You have a pair of small antennae on your
                  | head. [demonic ancestry]
    90 | D:1      | Reached XP level 2. HP: 14/19 MP: 0/5
   759 | D:1      | Reached XP level 3. HP: 24/24 MP: 3/6
  1551 | D:2      | Reached XP level 4. HP: 15/30 MP: 0/8
  1715 | D:2      | Reached skill level 3 in Spellcasting
  2885 | D:3      | Reached XP level 5. HP: 21/35 MP: 5/10
  3057 | D:3      | Noticed Terence
  3075 | D:3      | Killed Terence
  4566 | D:4      | Noticed Sigmund
  4576 | D:4      | Killed Sigmund
  4577 | D:4      | Reached skill level 4 in Spellcasting
  4577 | D:4      | Gained mutation: You are partially covered in thin metallic
                  | scales. (AC +2) [demonic ancestry]
  4577 | D:4      | Reached XP level 6. HP: 42/42 MP: 2/12
  5483 | D:4      | Noticed Ijyb
  5489 | D:4      | Killed Ijyb
  5490 | D:4      | Gained mutation: You regenerate magic rapidly. [demonic
                  | ancestry]
  5490 | D:4      | Reached XP level 7. HP: 13/47 MP: 7/14
  6113 | D:4      | Learned a level 4 spell: Sticky Flame
  6114 | D:5      | Entered Level 5 of the Dungeon
  6296 | D:5      | Found a staircase to the Ecumenical Temple.
  6321 | D:5      | Reached skill level 5 in Spellcasting
  6345 | D:6      | Found a sparkling altar of Nemelex Xobeh.
  6362 | D:6      | Reached skill level 1 in Polearms
  6773 | D:6      | Reached skill level 1 in Fighting
  6890 | D:6      | Identified the +1 robe of the Wicked Sunfish {Harm *Corrode
                  | Int+6 Archmagi}
  6951 | D:6      | Learned a level 3 spell: Vampiric Draining
  6955 | D:6      | Learned a level 3 spell: Confusing Touch
  6990 | D:6      | Reached skill level 6 in Spellcasting
  6990 | D:6      | Gained mutation: You are mostly covered in thin metallic
                  | scales. (AC +3) [demonic ancestry]
  6990 | D:6      | Reached XP level 8. HP: 33/54 MP: 1/17
  7207 | D:6      | Noticed Eustachio
  7218 | D:6      | Killed Eustachio
  7833 | D:5      | Reached skill level 7 in Spellcasting
  7933 | D:5      | Reached skill level 5 in Fire Magic
  8631 | D:7      | Gained mutation: You have a pair of antennae on your head.
                  | [demonic ancestry]
  8631 | D:7      | Reached XP level 9. HP: 43/59 MP: 11/20
  9043 | Temple   | Entered the Ecumenical Temple
  9057 | Temple   | Became a worshipper of Dithmenos the Shadowed
  9223 | D:8      | Reached skill level 5 in Conjurations
  9484 | D:8      | Reached skill level 8 in Spellcasting
  9611 | D:8      | Found a staircase to the Lair.
  9965 | D:8      | Learned a level 2 spell: Static Discharge
  9969 | D:8      | Learned a level 3 spell: Spider Form
  9972 | D:8      | Learned a level 2 spell: Slow
 10001 | Lair:1   | Entered Level 1 of the Lair of Beasts
 10014 | Lair:1   | Reached skill level 1 in Necromancy
 10042 | Lair:1   | Reached skill level 9 in Spellcasting
 10127 | Lair:1   | Gained mutation: You may rarely emit foul miasma when
                  | damaged in melee. [demonic ancestry]
 10127 | Lair:1   | Reached XP level 10. HP: 53/67 MP: 16/23
 10131 | Lair:1   | Reached * piety under Dithmenos
 10249 | Lair:1   | Noticed a cane toad
 10256 | Lair:1   | Killed a cane toad
 10264 | Lair:1   | Identified the +1 dagger "Syfon" {venom, Dex+4}
 10314 | Lair:1   | Noticed a cane toad
 10323 | Lair:1   | Killed a cane toad
 10451 | Lair:1   | Reached skill level 10 in Spellcasting
 11034 | Lair:1   | Noticed a black mamba
 11040 | Lair:1   | Killed a black mamba
 11471 | Lair:2   | Noticed a cane toad
 11639 | Lair:2   | Learned a level 6 spell: Shadow Creatures
 11645 | Lair:2   | Learned a level 5 spell: Lee's Rapid Deconstruction
 11706 | Lair:2   | Reached XP level 11. HP: 72/72 MP: 14/25
 11755 | Lair:2   | Reached skill level 11 in Spellcasting
 11893 | Lair:2   | Noticed a bog body
 11901 | Lair:2   | Noticed a bog body
 11903 | Lair:2   | Found a staircase to the Swamp.
 12569 | Lair:2   | Noticed a boulder beetle
 12581 | Lair:2   | Mangled by a boulder beetle

Illustrated notes

Levels and vault maps discovered:
D:1:      saegor_arrival_simple_a, layout_loops_ring
D:2:      layout_loops_cross
D:3:      layout_basic, uniq_terence
D:4:      layout_layer_cave, minmay_liquid_box, uniq_ijyb, uniq_sigmund
D:5:      layout_cave_pools, minmay_temple_entry_crystal_x
D:6:      layout_basic, mainiacjoe_overflow_chevrons, uniq_eustachio
D:7:      layout_cave_pools, chequers_serial_rivers_micro_b, serial_park_tiny_1,
          minmay_splitting_lines
D:8:      layout_gridville, dpeg_oklobed_lair, special_room [special_room_orc],
          feat_on_display
Temple:   dpeg_three_leaves_temple
Lair:1:   layout_cave_pods, serial_bayou_shore_b
Lair:2:   layout_regular_city, nicolae_swamp_entry_splash_gauntlet,
          serial_bayou_shore_b

Skill      XL: |  1  2  3  4  5  6  7  8  9 10 11 |
---------------+----------------------------------+-----
Fire Magic     | 3 4 5 6 7 |  7.5
Dodging        | 2 3 4 |  4.3
Conjurations   | 2 3 4 6 7 |  7.7
Spellcasting   | 3 4 6 7 9 10 11 | 11.1
Stealth        | 2 3 |  3.3
Polearms       | 1 2 |  2.4
Fighting       | 1 |  1.9
Necromancy     | 1 2 |  2.1
Evocations     | |  0.7

Action                   |  1- 3 |  4- 6 |  7- 9 | 10-12 || total
-------------------------+-------+-------+-------+-------++-------
Melee: Unarmed           |     2 |       |       |       ||     2
       Spear             |    21 |    28 |    27 |     2 ||    78
 Cast: Foxfire           |    56 |   128 |   229 |   116 ||   529
       Sticky Flame      |       |       |    21 |    26 ||    47
       Confusing Touch   |       |       |     1 |       ||     1
       Vampiric Draining |       |       |     4 |     8 ||    12
Evoke: Wand              |       |       |     4 |     5 ||     9
  Use: Scroll            |       |     5 |     8 |     2 ||    15
       Potion            |       |       |     4 |     3 ||     7
 Stab: Sleeping          |       |     2 |       |       ||     2
Armor: Robe              |     7 |     7 |    16 |     4 ||    34
       Skin              |       |       |    17 |       ||    17
Dodge: Dodged            |    29 |    31 |    73 |    36 ||   169
